 Dungeon Crawl Stone Soup version 0.29.1-1-gd02db69 (webtiles) character file.

Game seed: 7360028600314635205

5301 samcosmo the Covert (level 10, -2/64 HPs)
             Began as a Kobold Enchanter on Mar 27, 2023.
             Was an Initiate of Dithmenos.
             Slain by Gastronok (22 damage)
             ... on level 8 of the Dungeon on Mar 28, 2023.
             The game lasted 00:41:06 (9690 turns).

samcosmo the Covert (Kobold Enchanter)              Turns: 9690, Time: 00:41:08

Health: -2/64      AC:  8    Str:  6    XL:     10   Next: 95%
Magic:  9/21       EV: 19    Int: 17    God:    Dithmenos [......]
Gold:   605        SH:  0    Dex: 19    Spells: 13/24 levels left

rFire   . . .      SeeInvis .   r - +3 short sword (elec)
rCold   . . .      Faith    .   (no shield)
rNeg    . . .      Spirit   .   b - +2 robe
rPois   .          Reflect  .   (no helmet)
rElec   .          Harm     .   n - +0 cloak
rCorr   +          Rampage  .   (no gloves)
Will    .....                   t - +2 pair of boots
Stlth   ++++++....              C - amulet of regeneration
HPRegen 1.00/turn               d - ring of resist corrosion
MPRegen 0.17/turn               y - +4 ring of evasion

@: brilliant, weak-willed, very slightly contaminated
A: small, no large weapons, nightstalker 3
a: Renounce Religion


You were on level 8 of the Dungeon.
You worshipped Dithmenos.
Dithmenos was noncommittal.
You visited 2 branches of the dungeon, and saw 9 of its levels.

You collected 605 gold pieces.

Inventory:

Hand Weapons
 a - a +1 dagger
 r - a +3 short sword of electrocution (weapon)
Missiles
 w - a throwing net (quivered)
Armour
 b - a +2 robe (worn)
 n - a +0 cloak (worn)
 o - a scarf of harm
 t - a +2 pair of boots (worn)
Jewellery
 d - a ring of resist corrosion (left hand)
 y - a +4 ring of evasion (right hand)
 C - an amulet of regeneration (around neck)
Wands
 c - a wand of iceblast (5)
 q - a wand of digging (13)
 s - a wand of flame (17)
 x - a wand of paralysis (34)
 A - a wand of mindburst (9)
Scrolls
 e - 3 scrolls of identify
 f - a scroll of enchant armour
 g - 2 scrolls of vulnerability
 i - a scroll of magic mapping
 m - a scroll of enchant weapon
 u - 2 scrolls of blinking
 v - a scroll of summoning
Potions
 h - a potion of flight
 j - 6 potions of degeneration
 k - 3 potions of curing
 l - 2 potions of magic
 p - a potion of brilliance
 z - 2 potions of attraction
 B - a potion of resistance


   Skills:
 + Level 8.2 Fighting
 - Level 10.0 Short Blades
 - Level 2.4 Dodging
 + Level 11.1 Stealth
 * Level 7.9 Spellcasting
 - Level 5.0 Hexes


You had 13 spell levels left.
You knew the following spells:

 Your Spells              Type           Power      Damage    Failure   Level
a - Ensorcelled Hibernat  Hex/Ice        44%        N/A       6%          2
b - Confusing Touch       Hex            35%        N/A       4%          3
c - Tukima's Dance        Hex            35%        N/A       4%          3
d - Dazzling Flash        Conj/Hex       44%        N/A       12%         3

Your spell library contained the following spells:

 Spells                   Type           Power      Damage    Failure   Level
 Scorch                   Fire           20%        2d6       16%         2
 Conjure Flame            Conj/Fire      10%        6-21      32%         3
 Gell's Gravitas          Tloc           10%        N/A       32%         3
 Ignite Poison            Fire/Tmut/Pois 10%        N/A       32%         3
 Teleport Other           Tloc           10%        N/A       32%         3
 Flame Wave               Conj/Fire      10%        2d6       71%         4
 Sticky Flame             Conj/Fire      10%        2d3       71%         4
 Dispersal                Tloc           5%         N/A       100%        6
 Summon Cactus Giant      Summ           5%         N/A       100%        6
 Disjunction              Tloc           5%         N/A       100%        8


Dungeon Overview and Level Annotations

Branches:
Dungeon (8/15)             Temple (1/1) D:4
   Lair: D:8-11

Altars:
Ashenzari
Cheibriados
Dithmenos
Elyvilon
Fedhas
Gozag
Hepliaklqana
Kikubaaqudgha
Makhleb
Nemelex Xobeh
Okawaru
Qazlal
Ru
Sif Muna
Trog
Uskayaw
Vehumet
Wu Jian
Xom
Yredelemnul
Zin
The Shining One

Shops:
D:6 (   D:8 ?

Annotations:
D:8 Gastronok


Innate Abilities, Weirdness & Mutations

You are small and have problems with some larger weapons.
You are completely attuned to the shadows.


Message History

Confirm with . or Enter, or press ? or * to list all spells.
Casting: Dazzling Flash (dangerous; 12% risk of failure)
Press: ? - help, Dir - look around, f - activate Gastronok waves his eye-stalks in wide circles.
The air twists around and strikes you!!
Ouch! That really hurt!
You feel clever all of a sudden.
Casting: Dazzling Flash (dangerous; 12% risk of failure)
Confirm with . or Enter, or press ? or * to list all spells.
Casting: Dazzling Flash (dangerous; 12% risk of failure)
Press: ? - help, Dir - look around, f - activate You feel a surge of power!
You miscast Dazzling Flash.
You are very lightly contaminated with residual magic.
Nothing appears to happen.
Gastronok looks at you and mumbles some strange words.
You barely resist.
Casting: Dazzling Flash (dangerous; 12% risk of failure)
Confirm with . or Enter, or press ? or * to list all spells.
Casting: Dazzling Flash (dangerous; 12% risk of failure)
Press: ? - help, Dir - look around, f - activate You feel a surge of power!
Casting: Dazzling Flash (dangerous; 12% risk of failure)
Confirm with . or Enter, or press ? or * to list all spells.
Casting: Dazzling Flash (dangerous; 12% risk of failure)
Press: ? - help, Dir - look around, f - activate You feel a surge of power!
Gastronok bites you!!
* * * LOW HITPOINT WARNING * * *
Okay, then.
Really read the scroll of vulnerability?
As you read the scroll of vulnerability, it crumbles to dust.
Magic quickly surges around you.
Casting: Dazzling Flash (dangerous; 12% risk of failure)
Confirm with . or Enter, or press ? or * to list all spells.
Aiming: Ensorcelled Hibernation (safe; 6% risk of failure)
Press: ? - help, Shift-Dir - straight line, f - Gastronok
Aim: Gastronok, wearing a +0 hat of stealth (lightly wounded, weak-willed, chance to affect: 37%)
You feel a surge of power!
Gastronok easily resists.
Gastronok gurgles, "I'll eat you, I will!"
Gastronok bites you!!
You die...

#.# #.##.##.###.##.##
#.# #....†).# #......
#.# #.##.##)###.##.##
#.##.##.....##.##
#.##.####.####.##
#.##.####.####.##
##.##..........(##
##..#######.#######
#.@.#######.#######
.###w#................
......#.#####....#.###
#####.#.# #......#
#...#####.######
###.......# #########


You could see Gastronok (weak-willed).

Vanquished Creatures
  Pikel (D:4)
  Sigmund (D:6)
  A shadow (D:5)
  10 yaks (D:8)
  2 wyverns
  Eustachio (D:4)
  Menkaure (D:5)
  A water moccasin (D:5)
  An orc warrior (D:7)
  2 black bears
  A sky beast (D:7)
  An ice beast (D:5)
  An ogre (D:6)
  3 lemures (D:4)
  A centaur (D:6)
  2 bullfrogs (D:8)
  A necrophage (D:6)
  A scorpion (D:7)
  5 wights (D:7)
  5 killer bees (D:8)
  4 howler monkeys
  5 hounds
  2 jellies
  Crazy Yiuf (D:2)
  A gnoll bouda (D:5)
  3 iguanas
  Natasha (thrice) (D:4)
  3 orc wizards
  5 adders
  10 gnolls
  A white imp (D:5)
  2 worms
  13 orcs
  9 ball pythons
  7 bats
  5 endoplasms
  2 giant cockroaches (D:4)
  8 goblins
  4 hobgoblins
  13 jackals
  6 quokkas
  4 frilled lizards
  13 kobolds
  7 rats
173 creatures vanquished.

Vanquished Creatures (collateral kills)
  A centaur (D:8)
  A killer bee (D:8)
  An orc priest (D:8)
  An orc wizard (D:8)
4 creatures vanquished.

Vanquished Creatures (others)
  A dancing weapon (D:4)
1 creature vanquished.

Grand Total: 178 creatures vanquished

Notes
Turn   | Place    | Note
-------+----------+-------------------------------------------
     0 | D:1      | samcosmo the Kobold Enchanter began the quest for the Orb.
     0 | D:1      | Reached XP level 1. HP: 10/10 MP: 3/3
   228 | D:1      | Reached XP level 2. HP: 15/16 MP: 5/5
   256 | D:1      | Learned a level 2 spell: Ensorcelled Hibernation
   635 | D:1      | Found a faded altar of an unknown god.
   928 | D:1      | Reached XP level 3. HP: 20/20 MP: 6/6
   936 | D:1      | Reached skill level 1 in Fighting
  1591 | D:2      | Learned a level 3 spell: Confusing Touch
  1843 | D:2      | Reached XP level 4. HP: 25/25 MP: 8/8
  1890 | D:2      | Found a runed translucent door.
  1893 | D:2      | Noticed Crazy Yiuf
  1898 | D:2      | Killed Crazy Yiuf
  2720 | D:3      | Reached XP level 5. HP: 29/29 MP: 9/9
  2969 | D:3      | Identified the +10 quarterstaff "Cokal" {vorpal, Dex+3}
  3393 | D:4      | Noticed a lemure
  3416 | D:3      | Learned a level 3 spell: Tukima's Dance
  3520 | D:4      | Noticed a lemure
  3527 | D:4      | Noticed a lemure
  3534 | D:4      | Killed a lemure
  3537 | D:4      | Noticed a wyvern
  3537 | D:4      | Noticed Pikel
  3539 | D:4      | Noticed a lemure
  3540 | D:4      | Noticed a black bear
  3708 | D:4      | Reached XP level 6. HP: 35/35 MP: 10/10
  3712 | D:4      | Learned a level 3 spell: Dazzling Flash
  3719 | D:4      | Killed a black bear
  3728 | D:4      | Noticed Eustachio
  3732 | D:4      | Killed a wyvern
  3733 | D:4      | Reached skill level 5 in Stealth
  3733 | D:4      | Reached skill level 5 in Hexes
  3733 | D:4      | Reached XP level 7. HP: 10/41 MP: 5/12
  3745 | D:4      | Killed Eustachio
  4019 | D:4      | Killed Pikel
  4020 | D:4      | Reached skill level 5 in Short Blades
  4020 | D:4      | Reached skill level 6 in Stealth
  4020 | D:4      | Reached XP level 8. HP: 25/48 MP: 8/15
  4200 | D:4      | Identified the +0 scale mail "Zemofek" {rF+ MP+9}
  4300 | D:4      | Found a staircase to the Ecumenical Temple.
  4310 | D:4      | Noticed Natasha
  4314 | D:4      | Killed Natasha
  4388 | D:5      | Entered Level 5 of the Dungeon
  4432 | D:5      | Noticed Menkaure
  4434 | D:5      | Reached skill level 7 in Stealth
  4449 | D:5      | Killed Menkaure
  4535 | D:5      | Reached skill level 5 in Spellcasting
  4603 | D:5      | Reached skill level 5 in Fighting
  4655 | D:5      | Reached XP level 9. HP: 54/54 MP: 16/16
  4773 | Temple   | Entered the Ecumenical Temple
  5207 | D:4      | Noticed Natasha
  5212 | D:4      | Killed Natasha
  5258 | D:4      | Noticed Natasha
  5264 | D:4      | Killed Natasha
  5302 | D:4      | Found an ornate altar of the Wu Jian Council.
  6073 | D:5      | Reached skill level 8 in Stealth
  6308 | D:6      | Noticed Sigmund
  6317 | D:6      | Killed Sigmund
  6416 | D:6      | Found Qapsusie's Weapon Emporium.
  6761 | D:6      | Reached skill level 9 in Stealth
  7346 | D:7      | Found a hazy altar of Hepliaklqana.
  7481 | D:7      | Reached skill level 10 in Short Blades
  7481 | D:7      | Reached XP level 10. HP: 61/61 MP: 17/17
  8035 | D:7      | Identified the +1 mace "Nieczai" {vorpal, *Corrode rN++
                  | Int+2 Stlth-}
  8315 | D:8      | HP: 3/63 [wyvern (15)]
  8321 | D:8      | Reached skill level 10 in Stealth
  8531 | D:8      | Found Gurex's Magic Scroll Emporium.
  9023 | D:8      | Noticed Gastronok
  9315 | D:8      | Reached skill level 11 in Stealth
  9619 | D:8      | Found a snail-covered altar of Cheibriados.
  9636 | D:8      | Found a shadowy altar of Dithmenos.
  9643 | D:8      | Became a worshipper of Dithmenos the Shadowed
  9690 | D:8      | Slain by Gastronok

Illustrated notes

Levels and vault maps discovered:
D:1:      shiori_arrival_oz, layout_loops_ring, serial_co_window_serial,
          co_window_corner_a, co_window_of_opportunity_a, co_window_paths_a,
          co_window_corner_a, co_window_paths_a, co_window_broadway_a,
          co_window_paths_c, co_window_of_opportunity_c,
          co_window_of_opportunity_c, glass_columns_c, glass_columns_a,
          glass_columns_c, shapermc_ecumenical_altar_petra
D:2:      layout_basic, kennysheep_flooded_box, uniq_crazy_yiuf_cottage
D:3:      layout_rooms
D:4:      layout_cave_pools, lemuel_doored_altar,
          minmay_temple_entry_from_below_b, uniq_natasha, uniq_pikel,
          uniq_eustachio
D:5:      layout_loops_cross, uniq_menkaure
D:6:      layout_basic, serial_shops, nicolae_shop_crystal, uniq_sigmund
D:7:      layout_layer_cave, old_standard_altar, hangedman_glass_teeth
D:8:      layout_loops_cross, kennysheep_mini, lemuel_tele_altar, serial_shops,
          nicolae_shop_waterfront, roderic_nine_men_s_morris,
          nicolae_concentric_dashed_squares_mild, uniq_gastronok
Temple:   nicolae_temple_bog_church

Skill      XL: |  1  2  3  4  5  6  7  8  9 10 |
---------------+-------------------------------+-----
Short Blades   | 2 3 5 7 10 | 10.0
Fighting       | 1 2 3 4 5 6 8 |  8.2
Hexes          | 4 5 |  5.0
Spellcasting   | 3 4 5 7 |  7.9
Stealth        | 5 6 7 9 11 | 11.1
Dodging        | |  2.4

Action                   |  1- 3 |  4- 6 |  7- 9 | 10-12 || total
-------------------------+-------+-------+-------+-------++-------
Melee: Dagger            |    89 |    56 |       |       ||   145
       Punch             |     2 |       |     2 |     1 ||     5
       Short sword       |       |    58 |   109 |   113 ||   280
 Cast: Ensorcelled Hiber |     1 |    10 |    23 |    16 ||    50
       Tukima's Dance    |       |     1 |       |       ||     1
       Confusing Touch   |       |     1 |     2 |     9 ||    12
       Dazzling Flash    |       |       |       |     9 ||     9
  Use: Scroll            |       |    16 |     1 |     7 ||    24
       Potion            |       |     2 |     2 |     2 ||     6
 Stab: Sleeping          |    20 |    29 |    28 |    10 ||    87
       Distracted        |       |     1 |     3 |     1 ||     5
       Confused          |       |       |     3 |    11 ||    14
       Invisible         |       |       |     2 |     5 ||     7
Armor: Robe              |    15 |    17 |    13 |     8 ||    53
Dodge: Dodged            |    65 |    86 |    65 |    77 ||   293
